 Dungeon Crawl Stone Soup version 0.28.0-53-g5a82cb258f (webtiles) character file.

Game seed: 9255103504206432781

1634 tizbic2 the Magician (level 8, -2/60 HPs)
             Began as a Mummy Enchanter on Aug 4, 2022.
             Was a High Priest of Jiyva.
             Engulfed by a steam dragon's steam (7 damage)
             ... on level 6 of the Dungeon on Aug 5, 2022.
             The game lasted 00:28:18 (5382 turns).

tizbic2 the Magician (Mummy Enchanter)              Turns: 5382, Time: 00:28:18

Health: -2/60      AC:  3    Str: 11    XL:     8   Next: 66%
Magic:  16/16      EV: 12    Int: 17    God:    Jiyva [*****.]
Gold:   215        SH:  0    Dex: 12    Spells: 9/18 levels left

rFire   x . .      SeeInvis .   n - +1 dagger (vamp)
rCold   + . .      Faith    .   (no shield)
rNeg    + + +      Spirit   .   b - +0 robe
rPois   ∞          Reflect  .   (no helmet)
rElec   .          Harm     .   (no cloak)
rCorr   +          Rampage  .   (no gloves)
Will    +....                   g - +0 pair of boots
Stlth   ++........              (no amulet)
HPRegen 1.64/turn               (no ring)
MPRegen 0.60/turn               (no ring)

@: no status effects
A: cold resistance 1, negative energy resistance 3, torment resistance 2, heat
vulnerability 1, no potions
a: Renounce Religion, Oozemancy, Slimify


You were on level 6 of the Dungeon.
You worshipped Jiyva.
Jiyva was extremely pleased with you.
You visited 1 branch of the dungeon, and saw 8 of its levels.
You also visited: Ossuary.

You collected 215 gold pieces.

Inventory:

Hand Weapons
 a - a +1 dagger
 l - a +0 long sword
 n - a +1 vampiric dagger (weapon)
Missiles
 d - 152 stones
 f - 2 datura-tipped darts
Armour
 b - a +0 robe (worn)
 g - a +0 pair of boots (worn)
 m - a +0 plate armour
 p - a +0 ring mail of fire resistance
Jewellery
 i - an amulet of faith
Wands
 h - a wand of iceblast (14)
 q - a wand of digging (8)
Scrolls
 c - 3 scrolls of identify
 e - a scroll of fog
 j - a scroll of brand weapon
 k - a scroll of amnesia
 o - a scroll of enchant armour {unknown}


   Skills:
 + Level 3.9 Fighting
 * Level 4.8 Short Blades
 - Level 1.5 Dodging
 - Level 2.4 Stealth
 + Level 5.6 Spellcasting
 * Level 4.4 Conjurations
 - Level 2.8 Hexes
 + Level 4.1 Necromancy


You had 9 spell levels left.
You knew the following spells:

 Your Spells              Type           Power      Damage    Failure   Level
a - Ensorcelled Hibernat  Hex/Ice        18%        N/A       12%         2
b - Magic Dart            Conj           76%        1d6       2%          1
c - Confusing Touch       Hex            14%        N/A       13%         3
d - Tukima's Dance        Hex            14%        N/A       13%         3

Your spell library contained the following spells:

 Spells                   Type           Power      Damage    Failure   Level
 Searing Ray              Conj           38%        2d5       3%          2
 Dazzling Flash           Conj/Hex       34%        N/A       9%          3
 Fulminant Prism          Conj/Hex       8%         3d7       30%         4


Dungeon Overview and Level Annotations

Branches:
Dungeon (8/15)             Temple (0/1) D:5         Ossuary (visited)
   Lair: D:8-11

Altars:
Hepliaklqana
Jiyva

Shops:
D:1 :


Innate Abilities, Weirdness & Mutations

You are immune to poison.
Your flesh is cold resistant. (rC+)
You are immune to negative energy. (rN+++)
You are immune to unholy pain and torment.
You are vulnerable to heat. (rF-)
You do not drink.


Message History

The iguana bites the jelly!
The iguana is burned by acid!
The jelly closely misses the iguana.
The phantom is engulfed in a cloud of scalding steam.
The steam dragon breathes steam at you. The ball of steam hits you!
The steam scalds you terribly!
You hear an angry hiss.
There is a stone staircase leading up here.
You are engulfed in a cloud of scalding steam.
You climb upwards.
There is a stone staircase leading down here.
You start resting.
HP restored.
Found an escape hatch in the ceiling.
There is an escape hatch in the ceiling here.
There is an escape hatch in the ceiling here.
You swap places.
You swap places.
There is an open door here.
There is a stone staircase leading down here.
You climb downwards.
The steam dragon breathes steam at you. The ball of steam hits you!!
The steam scalds you terribly!
Ouch! That really hurt!
You shudder from the blast and a flood of jellies pours out from you!
There is a stone staircase leading up here.
Your azure jelly is engulfed in a cloud of scalding steam.
Your azure jelly is engulfed in a cloud of scalding steam.
Your azure jelly is engulfed in a cloud of scalding steam.
You swap places.
You swap places.
There is a stone staircase leading up here.
The white imp shouts!
You hear an angry hiss.
The steam dragon breathes steam at you. The ball of steam hits you!!
The steam scalds you terribly!
Ouch! That really hurt!
* * * LOW HITPOINT WARNING * * *
You shudder from the blast and a flood of jellies pours out from you!
You swap places.
You are engulfed in a cloud of scalding steam.
You die...

...............#.....#.###
....5S####...........#...#######
#..##.####J.##............#.....#
...#S..#....#..###...............
#....W§#.......# #...............
....Y5.#....J..# #...............
..#...WlJ...<..###...............
.##....WD..Y..JDJ#...............
# #....#§......#@#...............
#.......5....#J#...............
#....#.......#J.#..............
......##########.##..(..##.....#
#......# #.......######### ...###
##......# ##.....# #.....#
#.....#


You could see a steam dragon (catching breath, ally target), an ice beast, 2
neutral jellies(fellow slime), 2 friendly azure jellies and 2 friendly
rockslimes.

Vanquished Creatures
  A water moccasin (D:7)
  2 ice beasts (D:5)
  An ogre (D:4)
  2 black bears
  2 necrophages
  2 scorpions
  5 killer bees (D:7)
  3 centaur zombies
  An orc priest (D:3)
  An iguana (D:4)
  An orc wizard (D:7)
  A hound skeleton (D:5)
  4 adders
  A white imp (D:4)
  An adder skeleton (D:4)
  An adder zombie (D:3)
  A worm (D:3)
  3 dart slugs
  4 orcs
  A giant cockroach (D:1)
  6 goblins
  5 hobgoblins
  8 jackals
  6 kobolds
  3 quokkas
  6 ball pythons
  2 frilled lizards
  2 goblin zombies
  A hobgoblin zombie (Ossuary)
  2 jackal zombies (Ossuary)
  A quokka zombie (D:5)
  2 rats
  3 rat zombies (Ossuary)
85 creatures vanquished.

Vanquished Creatures (collateral kills)
  3 wights (D:7)
  A centaur skeleton (D:5)
  A hound zombie (Ossuary)
  4 mummies (Ossuary)
  3 gnolls (D:5)
  A goblin zombie (Ossuary)
  A hobgoblin zombie (Ossuary)
  An orc zombie (Ossuary)
  A rat zombie (Ossuary)
16 creatures vanquished.

Vanquished Creatures (others)
  A centaur (D:6)
  A scorpion (D:5)
  2 jellies
  A centaur zombie (D:6)
  Ijyb (D:3)
  3 adders
  A white imp (D:5)
  A worm (D:2)
  3 orcs (D:3)
  A ball python (D:2)
  2 bats (D:3)
  2 endoplasms
  A giant cockroach (D:2)
  4 goblins
  A hobgoblin (D:2)
  2 jackals (D:3)
  2 quokkas (D:4)
  A kobold (D:3)
  4 rats
34 creatures vanquished.

Grand Total: 135 creatures vanquished

Notes
Turn   | Place    | Note
-------+----------+-------------------------------------------
     0 | D:1      | tizbic2 the Mummy Enchanter began the quest for the Orb.
     0 | D:1      | Reached XP level 1. HP: 13/13 MP: 4/4
    40 | D:1      | Reached skill level 1 in Short Blades
   192 | D:1      | Reached XP level 2. HP: 8/19 MP: 5/5
   531 | D:1      | Reached skill level 1 in Necromancy
  1052 | D:1      | Found Neadghagh's Book Shoppe.
  1159 | D:1      | Found a faded altar of an unknown god.
  1170 | D:1      | Prayed at the altar of an unknown god.
  1170 | D:1      | Became a worshipper of Jiyva Juonih the Shapeless
  1170 | D:1      | Reached * piety under Jiyva
  1231 | D:1      | Learned a level 2 spell: Ensorcelled Hibernation
  1282 | D:1      | Learned a level 1 spell: Magic Dart
  1323 | D:1      | Reached XP level 3. HP: 25/25 MP: 2/7
  1567 | D:1      | Reached skill level 3 in Spellcasting
  1691 | D:2      | Reached ** piety under Jiyva
  1765 | D:2      | Reached skill level 1 in Fighting
  2047 | D:2      | Reached XP level 4. HP: 32/32 MP: 2/8
  2322 | D:3      | Reached *** piety under Jiyva
  2371 | D:3      | Reached skill level 1 in Conjurations
  2628 | D:3      | Killed Ijyb
  2826 | D:4      | Reached XP level 5. HP: 37/37 MP: 10/10
  2827 | D:4      | Reached **** piety under Jiyva
  3009 | D:4      | Found a hazy altar of Hepliaklqana.
  3036 | D:4      | Learned a level 3 spell: Confusing Touch
  3166 | D:4      | Noticed a black bear
  3194 | D:4      | Killed a black bear
  3195 | D:4      | Reached XP level 6. HP: 35/44 MP: 11/11
  3343 | D:4      | Reached skill level 4 in Spellcasting
  3695 | D:5      | Entered Level 5 of the Dungeon
  3923 | D:5      | Reached ***** piety under Jiyva
  3941 | D:5      | Found a sand-covered staircase.
  3948 | Ossuary  | Entered an ossuary
  4218 | D:5      | Noticed an ice beast
  4230 | D:5      | Noticed an ice beast
  4287 | D:5      | Killed an ice beast
  4288 | D:5      | Reached XP level 7. HP: 48/51 MP: 13/13
  4416 | D:5      | Found a staircase to the Ecumenical Temple.
  4881 | D:6      | Noticed a steam dragon
  4928 | D:8      | Noticed a two-headed ogre
  4967 | D:7      | Reached skill level 5 in Spellcasting
  4967 | D:7      | Reached XP level 8. HP: 38/58 MP: 15/15
  5166 | D:7      | Learned a level 3 spell: Tukima's Dance
  5382 | D:6      | Engulfed by a steam dragon's steam

Illustrated notes

Levels and vault maps discovered:
D:1:      ncdulo_lavacross, layout_loops_corners,
          shapermc_ecumenical_altar_pompeii, serial_shops, shop
D:2:      layout_rooms, minmay_ruptured
D:3:      layout_basic, uniq_ijyb
D:4:      layout_loops_ring, mainiacjoe_overflow_chevrons
D:5:      layout_basic, minmay_temple_entry_sparse_star, enter_ossuary_4
D:6:      layout_rooms, roderic_malta_cross, minmay_misc_feat_hallway
D:7:      layout_rooms
D:8:      layout_basic, chequers_decorated_corner

Skill      XL: |  1  2  3  4  5  6  7  8 |
---------------+-------------------------+-----
Short Blades   | 1 2 3 4 |  4.8
Necromancy     | 1 2 3 4 |  4.1
Spellcasting   | 3 4 5 |  5.6
Fighting       | 1 2 3 |  3.9
Conjurations   | 1 2 3 4 |  4.4
Dodging        | |  1.5
Stealth        | |  2.4
Hexes          | |  2.8

Action                   |  1- 3 |  4- 6 |  7- 9 || total
-------------------------+-------+-------+-------++-------
Melee: Dagger            |   116 |   179 |   119 ||   414
       Punch             |     3 |     4 |     4 ||    11
Throw: Stone             |     3 |       |       ||     3
 Cast: Ensorcelled Hiber |     9 |    24 |     1 ||    34
       Magic Dart        |    45 |    63 |    39 ||   147
       Confusing Touch   |       |     8 |    10 ||    18
Invok: Oozemancy         |       |       |     2 ||     2
  Use: Scroll            |       |     2 |     5 ||     7
 Stab: Sleeping          |     5 |    13 |       ||    18
       Distracted        |     1 |       |       ||     1
       Confused          |       |     4 |     4 ||     8
Armor: Robe              |    33 |    71 |    60 ||   164
Dodge: Dodged            |    90 |   197 |   186 ||   473
